 Dungeon Crawl Stone Soup version 0.26-a0-611-g354ed81502 (webtiles) character file.

Game seed: 7859828438762842762

11272 Peloso the Carver (level 11, -17/97 HPs)
             Began as a Minotaur Fighter on Sept 6, 2020.
             Was a High Priest of Okawaru.
             Demolished by a freezing wraith (18 damage)
             ... led by a death knight
             ... on level 11 of the Dungeon.
             The game lasted 00:28:46 (12517 turns).

Peloso the Carver (Minotaur Fighter)               Turns: 12517, Time: 00:28:52

Health: -17/97     AC: 23    Str: 28    XL:     11   Next: 47%
Magic:  10/10      EV:  8    Int:  5    God:    Okawaru [*****.]
Gold:   811        SH: 13    Dex: 12    Spells: 10/10 levels left

rFire    . . .     SeeInvis .   a - +3 scimitar (flame)
rCold    . . .     Faith    .   B - +0 kite shield
rNeg     . . .     Spirit   .   w - +0 plate armour
rPois    .         Reflect  .   t - +2 hat
rElec    .         Harm     .   F - +0 cloak {MR+}
rCorr    .                      H - +2 pair of gloves
MR       .....                  p - +0 pair of boots
Stlth    ..........             (no amulet)
HPRegen  0.26/turn              n - +6 ring of strength
MPRegen  0.12/turn              z - ring of flight

@: vulnerable, slowed, very slow
A: retaliatory headbutt, horns 2
a: Heroism, Finesse, Renounce Religion, Evoke Flight


You were on level 11 of the Dungeon.
You worshipped Okawaru.
Okawaru was extremely pleased with you.
You visited 2 branches of the dungeon, and saw 12 of its levels.
You also visited: Sewer.

You collected 811 gold pieces.

Inventory:

Hand Weapons
 a - a +3 scimitar of flaming (weapon)
 b - a +1 vampiric falchion
Missiles
 g - 122 bolts
Armour
 e - a +1 cloak of stealth
 p - a +0 pair of boots (worn)
 t - a +2 hat (worn)
 w - a +0 plate armour (worn)
 B - a +0 kite shield (worn)
 F - a +0 cloak of magic resistance (worn)
 H - a +2 pair of gloves (worn)
Jewellery
 l - a +4 ring of evasion
 n - a +6 ring of strength (left hand)
 s - an uncursed ring of wizardry
 z - a ring of flight (right hand)
 G - an uncursed ring of ice
 K - an uncursed ring of fire {unknown}
Wands
 u - a wand of polymorph (5)
 A - a wand of digging (8)
 C - a wand of flame (42)
 J - a wand of disintegration (16)
Scrolls
 f - 5 scrolls of immolation
 h - 3 scrolls of blinking
 i - 5 scrolls of teleportation
 j - a scroll of enchant armour
 k - 8 scrolls of remove curse
 m - 3 scrolls of amnesia
 o - a scroll of enchant weapon
 q - 3 scrolls of identify
Potions
 c - a potion of mutation
 d - 3 potions of might
 r - a potion of haste
 v - a potion of curing
 x - a potion of flight {unknown}
 D - a potion of stabbing {unknown}
 I - a potion of invisibility
 L - a potion of cancellation
Miscellaneous
 E - a condenser vane (2/2)


   Skills:
 + Level 9.2 Fighting
 + Level 12.7 Long Blades
 + Level 10.9 Armour
 + Level 3.1 Dodging
 + Level 1.0 Stealth
 + Level 11.3 Shields
 + Level 1.3 Invocations


You had 10 spell levels left.
You didn't know any spells.
Your spell library contained the following spells:

 Spells                   Type           Power        Failure   Level
 Magic Dart               Conj           #...         100%        1
 Blink                    Tloc           N/A          100%        2
 Call Imp                 Summ           #.......     100%        2
 Slow                     Hex            #.......     100%        2
 Conjure Flame            Conj/Fire      #.......     100%        3
 Mephitic Cloud           Conj/Pois/Air  #.......     100%        3
 Bolt of Magma            Conj/Fire/Erth #.........   100%        5
 Iskenderun's Battlesphe  Conj           #.......     100%        5
 Iron Shot                Conj/Erth      #.........   100%        6
 Orb of Destruction       Conj           #.........   100%        7
 Spellforged Servitor     Conj/Summ      #.........   100%        7


Dungeon Overview and Level Annotations

Branches:
Dungeon (11/15)            Temple (1/1) D:4            Lair (0/6) D:9
  Sewer (visited)
    Orc: D:9-12

Altars:
Ashenzari
Cheibriados
Dithmenos
Elyvilon
Fedhas
Gozag
Hepliaklqana
Kikubaaqudgha
Makhleb
Nemelex Xobeh
Okawaru
Qazlal
Ru
Sif Muna
Trog
Uskayaw
Vehumet
Wu Jian
Xom
Yredelemnul
Zin
The Shining One
Beogh

Shops:
D:5 (   D:10 *

Annotations:
D:4 1 runed translucent door, Shaidar's ghost, amateur GnFi
D:10 3 runed translucent doors, brk's ghost, novice DDFi


Innate Abilities, Weirdness & Mutations

You reflexively headbutt those who attack you in melee.
You have a pair of horns on your head.


Message History

The phantasmal warrior hits you.
Your magical defenses are stripped away!
The freezing wraith barely misses you.
The freezing wraith hits you but does no damage.
Your shield prevents you from hitting the freezing wraith.
The freezing wraith is severely damaged.
You block the phantasmal warrior's attack.
The freezing wraith hits you. The freezing wraith freezes you!!
The freezing wraith hits you. The freezing wraith drains your vigour!
You feel as though you will be slow longer.
The phantasmal warrior hits you!!
* * * LOW HITPOINT WARNING * * *
You hit the freezing wraith but do no damage.
The freezing wraith is severely damaged.
The freezing wraith barely misses you. x2
You block the phantasmal warrior's attack.
The freezing wraith hits you!
* * * LOW HITPOINT WARNING * * *
The freezing wraith freezes you!!
You die...

#.# #.......'....#....... #÷#
#.....###....#.###### #.#
#.....# #....#.# # #.#
#...†## #....#W# # #.# ####.#
#....#.###### ### #.# #.#
#....#.p.p.WW ..# #.#
#)####....########
..#####.########WW.....#.####
#
................@............
.
>............................
..
#####.#.#########......######
### #####.#.# #......#
....#.#.# #......# ........#
######.# ###<#.### .# #...#.#
#### #.###.# ########## #.#


You could see a phantasmal warrior and a freezing wraith.

Vanquished Creatures
  A death knight (D:11)
  Erica (D:9)
  An unseen horror (D:11)
  Pikel (D:6)
  2 deep elf magi (D:11)
  A cyclops (D:11)
  Maggie (D:6)
  A troll (D:11)
  2 hippogriffs (D:7)
  Sigmund (D:5)
  A vampire (D:10)
  10 yaks
  4 orc warriors
  A swamp drake (D:11)
  6 ice beasts
  A sky beast (D:5)
  A black bear (D:9)
  6 ogres
  3 centaurs
  3 bullfrogs
  A wyvern zombie (D:7)
  A wyvern skeleton (D:7)
  7 scorpions
  4 killer bees (D:8)
  3 howler monkeys (D:9)
  12 wights
  2 centaur zombies
  A crimson imp (D:11)
  A quasit (D:8)
  A bullfrog zombie (D:5)
  3 jellies
  Crazy Yiuf (D:2)
  5 orc priests
  2 hounds
  3 bullfrog skeletons
  An iron imp (D:11)
  4 worker ants
  6 iguanas
  13 orc wizards
  A hound zombie (D:8)
  3 hound skeletons
  A howler monkey zombie (D:7)
  A worker ant zombie (D:7)
  3 gnolls (D:3)
  17 adders
  6 shadow imps
  2 white imps
  An ufetubus (D:7)
  14 oozes
  3 worms
  19 leopard geckos
  43 orcs
  7 bats
  13 giant cockroaches
  9 hobgoblins
  8 jackals
  9 kobolds
  3 quokkas
  10 ball pythons
  18 frilled lizards
  7 goblins
  A quokka zombie (D:6)
  11 rats
329 creatures vanquished.

Vanquished Creatures (others)
  An orc wizard (D:11)
  An orc (D:11)
  2 withered plants (D:4)
4 creatures vanquished.

Grand Total: 333 creatures vanquished

Notes
Turn   | Place    | Note
-------+----------+-------------------------------------------
     0 | D:1      | Peloso the Minotaur Fighter began the quest for the Orb.
     0 | D:1      | Reached XP level 1. HP: 19/19 MP: 0/0
    72 | D:1      | Reached XP level 2. HP: 20/27 MP: 1/1
   614 | D:2      | Reached XP level 3. HP: 33/33 MP: 2/2
   672 | D:2      | Reached skill level 3 in Long Blades
   898 | D:2      | Reached XP level 4. HP: 40/40 MP: 3/3
   981 | D:2      | Reached skill level 1 in Dodging
  1330 | D:2      | Found a runed translucent door.
  1331 | D:2      | Noticed Crazy Yiuf
  1340 | D:2      | Killed Crazy Yiuf
  1888 | D:3      | Reached XP level 5. HP: 46/46 MP: 4/4
  1974 | D:3      | Reached skill level 4 in Long Blades
  2364 | D:3      | Reached skill level 5 in Shields
  2364 | D:3      | Reached XP level 6. HP: 51/53 MP: 5/5
  2365 | D:3      | Reached skill level 5 in Armour
  2616 | D:4      | Reached skill level 5 in Long Blades
  3004 | D:4      | Reached skill level 6 in Long Blades
  3063 | D:4      | Found a runed translucent door.
  3063 | D:4      | Noticed Shaidar's ghost (amateur GnFi)
  3158 | D:4      | Found a staircase to the Ecumenical Temple.
  3447 | Temple   | Entered the Ecumenical Temple
  3620 | Temple   | Became a worshipper of Warmaster Okawaru
  3733 | D:5      | Entered Level 5 of the Dungeon
  3757 | D:5      | Found a glowing drain.
  3761 | D:5      | Reached XP level 7. HP: 60/60 MP: 6/6
  3802 | Sewer    | Entered a sewer
  4083 | Sewer    | Reached skill level 5 in Fighting
  4157 | Sewer    | Reached * piety under Okawaru
  4157 | Sewer    | Reached skill level 7 in Long Blades
  4398 | D:5      | Noticed Sigmund
  4428 | D:5      | Killed Sigmund
  4428 | D:5      | Reached XP level 8. HP: 39/69 MP: 5/7
  4829 | D:5      | Reached skill level 8 in Long Blades
  4974 | D:5      | Found Jixzoq's Weapon Emporium.
  5362 | D:6      | Found a bloodstained altar of Trog.
  5455 | D:6      | Noticed Maggie
  5470 | D:6      | Killed Maggie
  5470 | D:6      | Reached ** piety under Okawaru
  5585 | D:6      | Reached skill level 9 in Long Blades
  5594 | D:6      | Reached XP level 9. HP: 67/75 MP: 8/8
  5658 | D:6      | Found a stormy altar of Qazlal.
  5662 | D:6      | Reached *** piety under Okawaru
  5676 | D:6      | Reached skill level 1 in Invocations
  5940 | D:6      | Noticed Pikel
  5949 | D:6      | Killed Pikel
  6137 | D:6      | Found a shimmering blue altar of Sif Muna.
  6700 | D:7      | Reached skill level 10 in Long Blades
  6720 | D:7      | Reached **** piety under Okawaru
  7138 | D:8      | Reached XP level 10. HP: 86/86 MP: 9/9
  7283 | D:8      | Found a roughly hewn altar of Beogh.
  7666 | D:8      | Reached ***** piety under Okawaru
  7817 | D:8      | Found a blossoming altar of Fedhas.
  8222 | D:9      | Noticed Erica
  8238 | D:9      | Killed Erica
  8238 | D:9      | Received a gift from Okawaru
  8238 | D:9      | Reached skill level 11 in Long Blades
  8600 | D:9      | Reached skill level 10 in Shields
  8934 | D:9      | Found a snail-covered altar of Cheibriados.
  9006 | D:9      | Found a staircase to the Lair.
  9215 | D:10     | Entered Level 10 of the Dungeon
  9227 | D:10     | Found a runed translucent gate.
  9227 | D:10     | Found a runed translucent gate.
  9227 | D:10     | Found a runed translucent gate.
  9227 | D:10     | Found an opulent altar of Gozag.
  9228 | D:10     | Found Leejugi's Assorted Antiques.
  9228 | D:10     | Noticed a stone giant
  9229 | D:10     | Noticed brk's ghost (novice DDFi)
  9471 | D:10     | Reached skill level 10 in Armour
  9953 | D:10     | Reached skill level 12 in Long Blades
 10210 | D:10     | Reached XP level 11. HP: 95/95 MP: 10/10
 10669 | D:11     | Killed an unseen horror
 10941 | D:11     | Noticed a deep elf mage
 10944 | D:11     | Noticed a deep elf mage
 10955 | D:11     | Killed a deep elf mage
 10972 | D:11     | Killed a deep elf mage
 11461 | D:11     | Noticed a phantasmal warrior
 11462 | D:11     | Noticed a death knight
 11462 | D:11     | Noticed a phantasmal warrior
 12507 | D:11     | Killed a death knight
 12507 | D:11     | Reached skill level 1 in Stealth
 12517 | D:11     | HP: 1/97 [freezing wraith[a death knight] (7)]
 12517 | D:11     | Demolished by a freezing wraith

Illustrated notes

Levels and vault maps discovered:
D:1:      psy_arrival_whirlpool, layout_rooms
D:2:      layout_basic, uniq_crazy_yiuf_cottage
D:3:      layout_rooms
D:4:      layout_basic, minmay_temple_entry_poolview, gammafunk_ghost_grave
D:5:      layout_basic, serial_shops, shop, portal_sewer_entry_a, uniq_sigmund
D:6:      layout_loops_ring, old_standard_altar, old_standard_altar,
          led_sif_book, uniq_pikel, uniq_maggie
D:7:      layout_loops_corners, chequers_garden, kennysheep_generic_room_16
D:8:      layout_loops_cross, fedhas_altar_4, special_room [special_room_orc]
D:9:      layout_stronghold, lair_entry_dummy, basic_altar, uniq_erica
D:10:     layout_grid_maze, ebering_ghost_gozag, minmay_microvault
D:11:     layout_basic, nrook_campfire, hangedman_minor_magic
Temple:   dpeg_five_rooms_temple

Skill      XL: |  1  2  3  4  5  6  7  8  9 10 11 |
---------------+----------------------------------+-----
Armour         | 4 5 6 7 9 10 | 10.9
Shields        | 4 5 6 7 8 10 11 | 11.3
Long Blades    | 3 4 6 7 9 10 12 | 12.7
Dodging        | 1 2 3 |  3.1
Fighting       | 4 5 6 7 8 9 |  9.2
Invocations    | 1 |  1.3
Stealth        | 1 |  1.0

Action                   |  1- 3 |  4- 6 |  7- 9 | 10-12 || total
-------------------------+-------+-------+-------+-------++-------
Melee: Long sword        |    66 |   166 |   118 |       ||   350
       Headbutt          |     6 |    26 |   100 |   100 ||   232
       Falchion          |       |       |   257 |   187 ||   444
       Scimitar          |       |       |       |   202 ||   202
Invok: Heroism           |       |       |     2 |     3 ||     5
  Use: Scroll            |     5 |     5 |       |     7 ||    17
       Potion            |       |       |     5 |     3 ||     8
Armor: Scale mail        |    31 |    81 |    59 |       ||   171
       Chain mail        |       |       |    42 |       ||    42
       Plate armour      |       |       |    47 |   180 ||   227
Dodge: Dodged            |    22 |    69 |   106 |    72 ||   269
Block: Kite shield       |    38 |   124 |   204 |   228 ||   594
       Rpst.: Long sword |     4 |    16 |    16 |       ||    36
       Falchion          |       |       |    17 |     9 ||    26
       Scimitar          |       |       |       |     6 ||     6

Table legend: (Time is in decaauts)
 A = Elapsed time spent in this place.
 B = Non-inter-level travel time spent in this place.
 C = Inter-level travel time spent in this place.
 D = Time resting spent in this place.
 E = Time spent auto-exploring this place.
 F = Levels seen in this place.
 G = Mean time per level.
                   A        B        C        D        E       F      G
               +--------+--------+--------+--------+--------+-----+--------+
         Total |  12545 |  12236 |    309 |   1647 |   7857 |  13 |  965.0 |
       Dungeon |  11875 |  11600 |    275 |   1647 |   7585 |  11 | 1079.5 |
        Temple |    210 |    177 |     33 |      0 |    144 |   1 |  210.0 |
         Sewer |    459 |    459 |      0 |      0 |    127 |   1 |  459.0 |
               +--------+--------+--------+--------+--------+-----+--------+

Top non-repeatable levels by time:
    D:10: 2024 daAuts
     D:9: 1299 daAuts
     D:2: 1249 daAuts
    D:11: 1247 daAuts
     D:5: 1228 daAuts
     D:4: 962 daAuts
     D:7: 877 daAuts
     D:6: 849 daAuts
     D:8: 761 daAuts
     D:3: 757 daAuts
     D:1: 616 daAuts
   Sewer: 459 daAuts
  Temple: 210 daAuts
